AoeStats
← Joselu9710

Arena

510202503Analyzed
1v1 RM · 22h ago on Sep 29, 2026· 53m 39s· 2 players
Game mode
Random Map
Map size
Tiny (2 player)
Population
200
Speed
Normal
Resources
Standard
Victory
Conquest
Starting age
Dark Age
Ending age
Imperial Age
RankedLock teamsTeams togetherTeam positionsShared explorationLock speedFull tech treeHidden civsTurbo modeCheats
Victory
Defeat
🇬🇧 Teutons · United Kingdom
1780
+25
🇪🇸 Byzantines · Spain
1987
-25
jj1471
10:26 Feudal Age
14:27 Castle Age
12:55 Double-Bit Axe
13:24 Horse Collar
15:42 Bow Saw
23:46 Wheelbarrow
24:08 Heavy Plow
28:11 Imperial Age
25:38 Loom
25:39 Town Watch
26:32 Masonry
27:08 Fletching
27:19 Gold Mining
27:20 Stone Mining
27:48 Bodkin Arrow
28:29 Hand Cart
29:56 Chemistry
33:11 Ballistics
33:08 Siege Engineers
34:00 Heavy Scorpion
36:26 Conscription
36:50 Guilds
41:42 Crenellations
46:07 Pikeman
46:49 Scale Mail Armor
47:00 Forging
47:23 Halberdier
48:25 Squires
48:42 Chain Mail Armor
49:03 Iron Casting
49:17 Arson
51:27 Plate Mail Armor
51:58 Blast Furnace
51:04 Scale Barding Armor
Joselu9710
10:20 Feudal Age
14:23 Castle Age
12:19 Double-Bit Axe
12:22 Horse Collar
15:24 Bow Saw
15:51 Loom
21:00 Wheelbarrow
20:33 Gold Mining
25:48 Imperial Age
23:16 Fletching
24:01 Bodkin Arrow
23:52 Crossbowman
25:34 Stone Mining
27:29 Chemistry
27:01 Heavy Plow
29:11 Bracer
30:10 Greek Fire
30:46 Bracer
31:23 Arbalester
32:08 Thumb Ring
33:15 Hand Cart
36:50 Conscription
37:10 Hoardings
38:23 Scale Barding Armor
38:29 Forging
38:20 Padded Archer Armor
39:25 Two-Man Saw
38:55 Crop Rotation
39:05 Light Cavalry
39:45 Husbandry
40:06 Chain Barding Armor
40:34 Iron Casting
39:43 Hussar
41:56 Gold Shaft Mining
46:11 Plate Barding Armor
49:19 Sanctity
49:10 Redemption
49:53 Block Printing
49:52 Fervor
49:59 Squires
49:26 Pikeman
50:44 Halberdier
51:25 Scale Mail Armor
53:03 Chain Mail Armor
Connection lost

Rejoining the realm…

Still unreachable

The connection could not be restored.

Session expired

The server has moved on; the page needs a fresh start.